 Dungeon Crawl Stone Soup version 0.16.1-11-g651b585 (webtiles) character file.

286379 nubinia the Eclecticist (level 20, -70/90 HPs)
             Began as a Vine Stalker Conjurer on Mar 29, 2015.
             Was the Champion of Sif Muna.
             Killed from afar by Margery (74 damage)
             ... with a fireball
             ... on level 3 of the Vaults on Apr 1, 2015.
             The game lasted 08:26:02 (55657 turns).

nubinia the Eclecticist (Vine Stalker Conjurer)    Turns: 55657, Time: 08:26:03

Health: -70/90     AC: 26    Str: 13    XL:     20   Next: 64%
Magic:  0/42       EV: 20    Int: 19    God:    Sif Muna [******]
Gold:   3087       SH: 17    Dex: 18    Spells: 14 memorised, 5 levels left

rFire  . . .     SeeInvis +     a - +9 short sword (protect)
rCold  . . .     Clarity  .     h - +3 leather armour {rPois}
rNeg   + + .     SustAb   .     U - +5 shield {AC+3}
rPois  +         Gourm    .     r - +2 hat of the Bear Spirit {Spirit, +Rage rN+ MR++}
rElec  .         Spirit   +     u - +2 cloak
rCorr  .         Warding  +     Q - +2 pair of gloves
rMut   .         Stasis   .     z - +0 pair of boots of the Yeti {Int-2 Dex+2 Slay+2 SInv}
MR     ++++.                    c - amulet of warding
Stlth  ++++......               H - +4 ring of evasion
                                p - +3 ring of protection

@: controlling teleports, repel missiles, incredibly resistant to hostile
enchantments, stealthy
A: fangs 3, regeneration 3, magic shield, antimagic bite, no device heal 3, rot
immunity
a: Channel Energy, Forget Spell, Renounce Religion, Evoke Berserk Rage
}: 2/15 runes: decaying, serpentine


You were on level 3 of the Vaults.
You worshipped Sif Muna.
Sif Muna was exalted by your worship.
You were not hungry.

You visited 8 branches of the dungeon, and saw 42 of its levels.
You also visited: Labyrinth, Trove and Volcano.

You collected 4326 gold pieces.
You spent 1239 gold pieces at shops.

Inventory:

Hand weapons
 a - a +9 short sword of protection (weapon)
 d - the cursed -2 hunting sling of Onoi {velocity, -Tele rPois SInv Stlth+, unknown}
   (You found it in a treasure trove)

   Any stone fired from it inflicts extra damage.
   It protects you from poison.
   It enhances your eyesight.
   It prevents most forms of teleportation.
   It makes you more stealthy.
   It has a curse placed upon it.
Armour
 b - the +1 animal skin of Biteuqig {rC- rCorr Str+4}
   (You found it in a treasure trove)

   It affects your strength (+4).
   It makes you vulnerable to cold.
   It protects you from acid and corrosion.
 f - a +2 leather armour of fire resistance
 h - a +3 leather armour of poison resistance (worn)
 r - the +2 hat of the Bear Spirit (worn) {Spirit, +Rage rN+ MR++}
   (You found it in a labyrinth)

   It protects you from negative energy.
   It affects your resistance to hostile enchantments.
   It lets you go berserk.
 u - a +2 cloak (worn)
 z - the +0 pair of boots of the Yeti (worn) {Int-2 Dex+2 Slay+2 SInv}
   (You found it on level 1 of the Snake Pit)

   It affects your intelligence (-2).
   It affects your dexterity (+2).
   It affects your accuracy and damage with ranged weapons and melee attacks
   (+2).
   It enhances your eyesight.
 Q - a +2 pair of gloves (worn)
 U - a +5 shield of protection (worn)
Jewellery
 c - an amulet of warding (around neck)
 p - a +3 ring of protection (left hand)
 v - an uncursed ring of wizardry
 H - a +4 ring of evasion (right hand)
 J - an uncursed ring of ice
 M - the amulet of the Quahog {rCorr +Fly Str+3}
   (You found it on level 8 of the Lair of Beasts)

   [amulet of resist corrosion]

   It protects you from acid and corrosion.
   It affects your strength (+3).
   It lets you fly.
 N - an uncursed ring of positive energy
Magical devices
 g - a wand of teleportation (6)
 G - a wand of fireball (9)
 K - a wand of disintegration (17)
 O - a wand of digging (9)
 Y - a wand of fire (2)
 Z - a wand of draining (9)
Scrolls
 j - 7 scrolls of teleportation
 m - 12 scrolls of remove curse
 o - 17 scrolls of identify
 q - a scroll of fog
 w - 4 scrolls of magic mapping
 y - 4 scrolls of blinking
 A - 2 scrolls of fear
 W - 6 scrolls of recharging
Potions
 e - 2 potions of restore abilities
 l - 14 potions of curing
 t - 5 potions of might
 x - 2 potions of resistance
 B - 2 potions of magic
 L - 5 potions of agility
 P - 3 potions of cancellation
 S - 4 potions of brilliance
Books
 C - Sif Muna's Catalogue of Attacks
   (Sif Muna gifted it to you on level 3 of the Vaults)

   Spells                             Type                      Level
   a - Flame Tongue                   Conjuration/Fire             1
   b - Static Discharge               Conjuration/Air              3
   c - Sticky Flame                   Conjuration/Fire             4
   d - Lightning Bolt                 Conjuration/Air              5
Miscellaneous
 n - a phial of floods
 s - a lamp of fire
 T - a lamp of fire
 V - a lantern of shadows
Comestibles
 i - 3 chunks of flesh
 k - 11 fruits


   Skills:
 + Level 4.0 Fighting
 + Level 5.4 Short Blades
   Level 3.4 Bows
 - Level 1.0 Throwing
 + Level 3.2 Armour
 + Level 7.8 Dodging
 + Level 8.9 Stealth
 + Level 11.1 Shields
 * Level 17.5 Spellcasting
 * Level 16.6 Conjurations
   Level 6.8 Hexes
 + Level 10.1 Charms
 * Level 10.5 Fire Magic
 * Level 10.7 Air Magic
 + Level 2.9 Poison Magic
 + Level 8.0 Invocations
 + Level 1.0 Evocations


You had 5 spell levels left.
You knew the following spells:

 Your Spells              Type           Power        Failure   Level  Hunger
a - Magic Dart            Conj           ####         0%          1    None
b - Iskenderun's Mystic   Conj           ######..     1%          4    None
c - Mephitic Cloud        Conj/Pois/Air  ######..     1%          3    None
d - Swiftness             Chrm/Air       ######..     1%          2    None
e - Sticky Flame          Conj/Fire      ######..     1%          4    None
f - Flight                Chrm/Air       ######....   1%          3    None
g - Shroud of Golubria    Chrm/Tloc      #####.....   1%          2    None
i - Iskenderun's Battles  Conj/Chrm      ######..     1%          5    ###....
j - Fireball              Conj/Fire      ######....   1%          5    ###....
k - Lightning Bolt        Conj/Air       ######....   1%          5    ###....
l - Control Teleport      Chrm/Tloc      #####.....   12%         4    None
m - Bolt of Fire          Conj/Fire      ######....   6%          6    #####..
o - Ozocubu's Armour      Chrm/Ice       #####...     3%          3    None
r - Repel Missiles        Chrm/Air       ######       1%          2    None


Dungeon Overview and Level Annotations

Branches:
Dungeon (14/15)            Temple (1/1) D:5            Lair (8/8) D:10
  Swamp (5/5) Lair:3        Snake (5/5) Lair:4        Slime (0/6) Lair:6
    Orc (4/4) D:10            Elf (2/3) Orc:3        Vaults (3/5) D:14
  Crypt (0/3) Vaults:2

Altars:
Ashenzari
Dithmenos
Elyvilon
Gozag
Kikubaaqudgha
Makhleb
Nemelex Xobeh
Okawaru
Qazlal
Ru
Sif Muna
Trog
Beogh

Shops:
D:13 *   Orc:1 =   Orc:4 [(=*%   Elf:1 !

Annotations:
D:8 abixa's ghost, experienced HOGl
Swamp:3 Agnes; Aizul; Nikola
Snake:4 Mara
Elf:2 1 runed door
Vaults:3 Margery


Innate Abilities, Weirdness & Mutations

You have razor-sharp teeth.
You regenerate.
When hurt, damage is shared between your health and your magic reserves.
Your bite disrupts and absorbs the magic of your enemies.
Potions and wands cannot restore your health.
You are immune to rotting.


Message History

The stone giant is lightly wounded.
The stone giant throws a large rock.
The large rock hits you!! Margery gestures at you while chanting.
The bolt of fire hits you!
Your icy armour melts away.
Casting: Magic Dart
Confirm with . or Enter, or press ? or * to list all spells.
Okay, then.
Casting: Magic Dart
Confirm with . or Enter, or press ? or * to list all spells.
You feel in control. Margery casts a spell at you.
The fireball explodes!
The fireball engulfs you!
* * * LOW HITPOINT WARNING * * *
The fireball engulfs your battlesphere.
Your battlesphere resists.
Margery gestures at you while chanting.
The fireball explodes!
The fireball engulfs you!
Ouch! That really hurt!
You die...

#...#C.#...........#
#.....#.(.#........#
#.C....#@..........#
#..#@###.#...#######
#######...#.###.#..#
#...........#.....*#
#........#...#.....#
#...........#..#...#
#.....C.........@..#
#....cCO...........#
######'#############
#p# O## .# .# .# .#


You could see Margery.

Vanquished Creatures
  A deep elf blademaster (Elf:2)
  4 thorn hunters
  Donald (Snake:5)
  7 greater nagas
  10 vault wardens
  Louise (Elf:1)
  7 ironheart preservers
  3 stone giants (Vaults:2)
  A deep elf demonologist (Elf:1)
  A red draconian (Volcano)
  2 deep elf death magi
  An eidolon (Vaults:2)
  A minotaur (Lab)
  A fire dragon (Vaults:2)
  7 vault guards
  Josephine (Orc:2)
  7 ogre magi
  A yaktaur captain (Vaults:1)
  3 rakshasas
  2 ice dragons (Swamp:5)
  2 great orbs of eyes
  Harold (D:13)
  12 naga warriors
  A catoblepas (Lair:8)
  6 anacondas
  9 hydras
  7 alligators
  11 death yaks
  16 dancing weapons (Elf:2)
  A tengu warrior (D:14)
  6 centaur warriors
  16 naga sharpshooters
  12 shock serpents
  A shadow wraith (D:14)
  A fire crab (Vaults:2)
  4 skeletal warriors
  20 deep elf knights
  3 unseen horrors
  2 salamander mystics (Snake:4)
  9 naga ritualists
  6 deep trolls
  11 deep elf summoners
  A wizard (D:14)
  2 shambling mangroves
  A lindwurm (D:14)
  2 flayed ghosts (Vaults:2)
  A swamp dragon (Swamp:4)
  A shadow demon (Elf:1)
  4 ironbrand convokers
  25 ugly things
  A sphinx zombie (Vaults:2)
  A mana viper (shapeshifter) (Vaults:1)
  7 orc knights
  A harpy (shapeshifter) (Vaults:2)
  4 hill giants
  4 hornets
  A necromancer (Vaults:2)
  5 deep elf conjurers
  6 harpies (Vaults:1)
  3 wolf spiders (Vaults:2)
  A fire giant zombie (Vaults:2)
  5 griffons
  An anubis guard (shapeshifter) (Elf:2)
  5 cyclopes
  6 mana vipers
  2 orc sorcerers
  13 salamanders
  A guardian serpent (Snake:5)
  3 oklob plants (Lair:8)
  6 elephants (Lair:8)
  33 naga magi
  5 vault sentinels
  20 spiny frogs
  24 black mambas
  An octopode (shapeshifter) (Elf:1)
  A frost giant skeleton (Vaults:2)
  A black mamba (shapeshifter) (Vaults:1)
  6 gargoyles
  36 yaktaurs
  8 komodo dragons
  12 deep elf priests
  A jumping spider (D:14)
  5 spriggan druids
  2 polar bears
  12 trolls
  14 two-headed ogres
  6 freezing wraiths
  Grinder (D:6)
  A two-headed ogre (shapeshifter) (D:13)
  3 giant leeches
  17 blink frogs
  11 ravens
  A frost giant simulacrum (Vaults:1)
  3 bog bodies
  7 slime creatures
  12 redbacks
  A tarantella (shapeshifter) (Vaults:2)
  5 basilisks
  9 wraiths
  A trapdoor spider (D:13)
  12 spriggans
  5 shadows
  2 wyverns
  13 baby alligators
  19 deep elf magi
  3 hungry ghosts
  A golden eye (shapeshifter) (Vaults:1)
  34 yaks
  24 deep elf fighters
  Grum (D:11)
  19 vampire mosquitoes
  2 wargs
  A harpy simulacrum (D:14)
  12 hippogriffs
  17 hydra simulacra (Swamp:5)
  5 insubstantial wisps
  6 swamp worm simulacra (Swamp:5)
  30 swamp worms
  39 wolves
  61 nagas
  A soldier ant (D:12)
  An ogre skeleton (Vaults:2)
  11 porcupines
  24 orc warriors
  44 water moccasins
  11 swamp drakes
  7 wasps
  15 ice beasts
  8 black bears
  15 spiders
  4 necrophages
  4 phantoms
  3 sky beasts
  3 boring beetles
  39 ogres
  9 crocodiles
  A human skeleton (Vaults:2)
  15 centaurs
  Sigmund (D:3)
  27 giant frogs
  A lost soul (Vaults:3)
  5 big kobolds
  2 scorpions
  32 killer bees
  8 wights
  A goliath beetle (D:6)
  6 crimson imps
  An electric eel (Lair:3)
  A giant frog zombie (D:13)
  A wasp zombie (D:11)
  2 centaur zombies
  2 giant frog skeletons
  An iron imp (Orc:3)
  21 orc priests
  A jelly (D:9)
  2 centaur skeletons
  2 quasits (D:10)
  14 hounds
  10 iguanas
  9 worker ants
  21 orc wizards
  9 hell rats
  2 killer bee zombies
  28 sheep
  Ijyb (D:7)
  A mummy (D:6)
  Robin (D:3)
  A worker ant zombie (D:10)
  25 adders
  71 river rats
  A giant mite (D:6)
  A white imp (Orc:3)
  4 shadow imps
  2 swamp drake simulacra (Swamp:5)
  4 worms
  4 adder skeletons
  4 giant geckos
  3 oozes
  156 orcs
  8 giant cockroaches
  31 goblins
  26 hobgoblins
  8 jackals
  11 quokkas
  4 ball pythons
  24 bats
  2 giant newts
  48 kobolds
  4 orc zombies (D:6)
  37 rats
  5 fungi
1809 creatures vanquished.

Vanquished Creatures (collateral kills)
  A blink frog (Lair:3)
1 creature vanquished.

Vanquished Creatures (others)
  An azure jelly (Swamp:5)
  An alligator (Swamp:5)
  A yaktaur (Vaults:2)
  A fire elemental (Vaults:1)
  A water elemental (Lair:3)
  A deep elf fighter (Elf:1)
  A spider (D:11)
  An ogre (Orc:1)
  A lost soul (Vaults:2)
  An orc wizard (Orc:3)
  5 fungi
  8 plants
23 creatures vanquished.

Grand Total: 1833 creatures vanquished

Notes
Turn   | Place    | Note
--------------------------------------------------------------
     0 | D:1      | nubinia, the Vine Stalker Conjurer, began the quest for the Orb.
     0 | D:1      | Reached XP level 1. HP: 9/9 MP: 3/3
   217 | D:1      | Reached XP level 2. HP: 13/13 MP: 0/5
   797 | D:2      | Reached XP level 3. HP: 16/16 MP: 7/7
  1025 | D:2      | Learned a level 3 spell: Dazzling Spray
  1265 | D:2      | Reached skill level 5 in Conjurations
  1497 | D:3      | Reached XP level 4. HP: 21/21 MP: 6/8
  1709 | D:3      | Noticed Robin
  2234 | D:3      | Killed Robin
  2323 | D:3      | Found a stormy altar of Qazlal.
  2428 | D:3      | Noticed Sigmund
  2461 | D:3      | Killed Sigmund
  2461 | D:3      | Reached skill level 1 in Hexes
  2461 | D:3      | Reached XP level 5. HP: 24/24 MP: 11/13
  2484 | D:3      | Found a sacrificial altar of Ru.
  2526 | D:3      | Learned a level 5 spell: Iskenderun's Battlesphere
  2755 | D:3      | Gained mutation: You heal very quickly. [vine stalker growth]
  2755 | D:3      | Reached XP level 6. HP: 28/28 MP: 15/15
  3249 | D:4      | Reached skill level 1 in Charms
  3993 | D:4      | Reached XP level 7. HP: 32/32 MP: 8/18
  4422 | D:4      | Paralysed by a hobgoblin for 4 turns
  4665 | D:4      | Reached skill level 6 in Conjurations
  4885 | D:5      | Entered Level 5 of the Dungeon
  4976 | D:5      | Found a staircase to the Ecumenical Temple.
  4982 | Temple   | Entered the Ecumenical Temple
  5005 | Temple   | Became a worshipper of Sif Muna the Loreminder
  5308 | D:5      | Reached skill level 5 in Spellcasting
  5504 | D:5      | Gained mutation: You have razor-sharp teeth. [vine stalker growth]
  5504 | D:5      | Reached XP level 8. HP: 37/37 MP: 19/22
  5608 | D:5      | Acquired Sif Muna's first power
  6412 | D:6      | Noticed Grinder
  6704 | D:6      | Killed Grinder
  6704 | D:6      | Reached skill level 1 in Fighting
  6704 | D:6      | Reached skill level 7 in Conjurations
  6704 | D:6      | Reached skill level 1 in Invocations
  6840 | D:6      | Reached skill level 1 in Bows
  6974 | D:6      | Reached XP level 9. HP: 41/41 MP: 19/24
  7676 | D:7      | Acquired Sif Muna's second power
  7703 | D:7      | Noticed Ijyb
  7745 | D:7      | Killed Ijyb
  8042 | D:7      | Found an opulent altar of Gozag.
  8130 | D:7      | Reached skill level 1 in Throwing
  8191 | D:7      | Learned a level 4 spell: Iskenderun's Mystic Blast
  8358 | D:7      | Reached skill level 8 in Conjurations
  8654 | D:7      | Found a burning altar of Makhleb.
  8656 | D:7      | Found a shattered altar of Ashenzari.
  8659 | D:7      | Found an ancient bone altar of Kikubaaqudgha.
  8661 | D:7      | Found an iron altar of Okawaru.
  8680 | D:7      | Found a bloodstained altar of Trog.
  8800 | D:8      | Noticed an unseen horror
  8805 | D:8      | Killed an unseen horror
  8805 | D:8      | Reached XP level 10. HP: 32/45 MP: 10/27
  8908 | D:8      | Reached skill level 5 in Charms
  9482 | D:8      | Noticed abixa's ghost (experienced HOGl)
  9728 | D:9      | Gained mutation: You possess an exceptional clarity of mind. [potion of beneficial mutation]
  9825 | D:8      | Got a smoking hand crossbow
  9826 | D:8      | Identified the +3 hand crossbow of the Moth {venom, rPois MP+9 Dex+4} (You took it off an orc warrior on level 8 of the Dungeon)
 10416 | D:8      | Acquired Sif Muna's third power
 11050 | D:9      | Reached skill level 9 in Spellcasting
 11061 | D:9      | Learned a level 2 spell: Repel Missiles
 11065 | D:9      | Learned a level 2 spell: Swiftness
 11989 | D:10     | Entered Level 10 of the Dungeon
 12022 | D:8      | Reached XP level 11. HP: 49/49 MP: 26/30
 12423 | D:10     | Found a staircase to the Lair.
 12743 | D:10     | Reached skill level 5 in Hexes
 12972 | D:10     | Upgraded the game from 0.16.1-7-g2c6721e to 0.16.1-11-g651b585
 13144 | D:10     | Found a roughly hewn altar of Beogh.
 13144 | D:10     | Found a staircase to the Orcish Mines.
 13144 | D:10     | Noticed an orc knight
 13149 | Orc:1    | Entered Level 1 of the Orcish Mines
 13630 | Orc:3    | Learned a level 3 spell: Mephitic Cloud
 14011 | Orc:1    | Found Mnunt's Jewellery Shoppe.
 14058 | Orc:1    | Reached skill level 10 in Spellcasting
 14143 | Orc:1    | Bought an uncursed ring of positive energy for 240 gold pieces
 14449 | Orc:1    | Killed an orc knight
 14449 | Orc:1    | Reached skill level 10 in Conjurations
 14564 | Orc:1    | Received a gift from Sif Muna
 14565 | Orc:1    | Identified Zaomam's Guide on Hexes (Sif Muna gifted it to you on level 1 of the Orcish Mines)
 15230 | Lair:1   | Entered Level 1 of the Lair of Beasts
 15328 | Lair:1   | Reached skill level 5 in Stealth
 15497 | Lair:1   | You fall through a shaft!
 15519 | Lair:2   | Reached skill level 1 in Short Blades
 15522 | Lair:2   | Reached skill level 1 in Armour
 15534 | Lair:2   | Found a labyrinth entrance.
 15558 | Lab      | Entered a labyrinth
 15801 | Lab      | Learned a level 3 spell: Conjure Flame
 16279 | Lab      | Gained mutation: You regenerate. [vine stalker growth]
 16279 | Lab      | Reached XP level 12. HP: 47/54 MP: 3/32
 16485 | Lab      | Noticed a minotaur
 16512 | Lab      | Killed a minotaur
 16662 | Lair:2   | Found a white marble altar of Elyvilon.
 17176 | Lair:1   | Reached skill level 1 in Shields
 18730 | Lair:3   | Noticed a seven-headed hydra
 18747 | Lair:3   | Killed a seven-headed hydra
 18747 | Lair:3   | Reached skill level 5 in Shields
 19681 | Lair:3   | Found a staircase to the Swamp.
 19981 | Temple   | Learned a level 3 spell: Flight
 20542 | Lair:4   | Identified a scroll of acquirement
 20660 | Lair:4   | Found a dark tunnel.
 20667 | Volcano  | Entered a volcano
 20686 | Volcano  | Noticed a red draconian
 20723 | Volcano  | Killed a red draconian
 20858 | Volcano  | Reached XP level 13. HP: 58/58 MP: 26/32
 21351 | Lair:4   | You fall through a shaft!
 21630 | Lair:5   | Reached skill level 11 in Spellcasting
 21872 | Lair:6   | Received a gift from Sif Muna
 21878 | Lair:6   | Identified Sif Muna's Guide on Malediction and Confrontation (Sif Muna gifted it to you on level 6 of the Lair of Beasts)
 22651 | Lair:6   | Found a staircase to the Slime Pits.
 23198 | Lair:6   | Reached skill level 5 in Invocations
 23314 | Lair:6   | Reached skill level 1 in Poison Magic
 23766 | Lair:7   | Reached skill level 1 in Air Magic
 23931 | Lair:7   | Reached XP level 14. HP: 63/63 MP: 10/34
 24633 | Lair:8   | Entered Level 8 of the Lair of Beasts
 24880 | Lair:8   | Reached skill level 12 in Spellcasting
 25004 | Lair:8   | Got a twitching brass amulet
 25006 | Lair:8   | Identified the amulet of the Quahog {rCorr +Fly Str+3} (You found it on level 8 of the Lair of Beasts)
 25154 | Lair:8   | Received a gift from Sif Muna
 25156 | Lair:8   | Identified Sif Muna's Volume of Attacks (Sif Muna gifted it to you on level 8 of the Lair of Beasts)
 25751 | Lair:8   | Reached skill level 1 in Fire Magic
 27385 | Orc:1    | Bought a +4 ring of evasion for 432 gold pieces
 27385 | Orc:1    | Bought an uncursed ring of see invisible for 180 gold pieces
 27488 | Orc:4    | Entered Level 4 of the Orcish Mines
 27737 | Orc:2    | Noticed Josephine
 27743 | Orc:2    | Killed Josephine
 27894 | Orc:3    | Reached XP level 15. HP: 67/67 MP: 25/36
 28051 | Orc:3    | Found a staircase to the Elven Halls.
 28627 | Orc:4    | Received a gift from Sif Muna
 28718 | Orc:4    | Identified Sif Muna's Volume of Dislocated Protection (Sif Muna gifted it to you on level 4 of the Orcish Mines)
 28726 | Orc:4    | Found Emi Pnoi's Weapon Boutique.
 28726 | Orc:4    | Found Uximub's Antique Armour Boutique.
 28731 | Orc:4    | Found Xatet's Jewellery Shoppe.
 28811 | Orc:4    | Bought a ripped robe for 114 gold pieces
 28821 | Orc:4    | Identified the +0 robe of Articulation {MP+9 Str+3} (You bought it in a shop on level 4 of the Orcish Mines)
 28827 | Orc:4    | Learned a level 3 spell: Ozocubu's Armour
 28854 | Orc:4    | Found Obliymna's Assorted Antiques.
 28865 | Orc:4    | Bought a pair of embroidered boots for 148 gold pieces
 28865 | Orc:4    | Bought a lumpy dark potion for 29 gold pieces
 28983 | Orc:4    | Found Teukkeig's Food Shop.
 29296 | Lair:4   | Found a staircase to the Snake Pit.
 29794 | Snake:1  | Entered Level 1 of the Snake Pit
 30073 | Snake:2  | Reached skill level 5 in Dodging
 30073 | Snake:2  | Reached skill level 13 in Spellcasting
 31637 | Snake:1  | Got a pair of bloodstained boots
 31648 | Snake:1  | Identified the +0 pair of boots of the Yeti {Int-2 Dex+2 Slay+2 SInv} (You found it on level 1 of the Snake Pit)
 31705 | Snake:1  | Received a gift from Sif Muna
 31779 | Snake:1  | Learned a level 2 spell: Shroud of Golubria
 31882 | Snake:1  | Reached skill level 5 in Air Magic
 32373 | Snake:3  | Reached XP level 16. HP: 71/71 MP: 27/37
 32747 | Snake:3  | Reached skill level 5 in Fire Magic
 33939 | Snake:4  | Reached skill level 14 in Spellcasting
 34018 | Snake:4  | Noticed Mara
 34415 | Snake:4  | Received a gift from Sif Muna
 34419 | Snake:4  | Identified Sif Muna's Papyrus of Arcane Weapons (Sif Muna gifted it to you on level 4 of the Snake Pit)
 34961 | Snake:4  | Reached skill level 10 in Shields
 35467 | Lair:4   | Learned a level 5 spell: Fireball
 35473 | Lair:4   | Learned a level 5 spell: Lightning Bolt
 35577 | Snake:5  | Entered Level 5 of the Snake Pit
 35913 | Snake:5  | Noticed Donald
 35922 | Snake:5  | Killed Donald
 36656 | Snake:5  | Reached XP level 17. HP: 73/76 MP: 36/38
 37319 | Snake:5  | Received a gift from Sif Muna
 37856 | Snake:5  | Got a serpentine rune of Zot
 38234 | Swamp:1  | Entered Level 1 of the Swamp
 38445 | Lair:3   | Reached skill level 15 in Spellcasting
 38622 | Swamp:1  | Got a jewelled hunting sling
 38623 | Swamp:1  | Identified the cursed -2 hunting sling "Kinaciy" {speed, MR+} (You found it on level 1 of the Swamp)
 40158 | Swamp:3  | Noticed Nikola
 40158 | Swamp:3  | Noticed Agnes
 40158 | Swamp:3  | Noticed Aizul
 40504 | Swamp:4  | Received a gift from Sif Muna
 40505 | Swamp:4  | Identified Iskenderun's Papyrus of Conjuration (Sif Muna gifted it to you on level 4 of the Swamp)
 41374 | Swamp:5  | Entered Level 5 of the Swamp
 41379 | Swamp:5  | Reached skill level 15 in Conjurations
 41379 | Swamp:5  | Reached XP level 18. HP: 81/81 MP: 17/40
 42999 | Lair:4   | Learned a level 4 spell: Control Teleport
 43811 | Swamp:5  | Got a decaying rune of Zot
 44236 | D:11     | Gained mutation: You are frail (-10% HP). [potion of mutation]
 44236 | D:11     | Gained mutation: Your body is slowly deteriorating. [potion of mutation]
 44236 | D:11     | Gained mutation: You have a pair of small antennae on your head. [potion of mutation]
 44411 | Lair:3   | Lost mutation: You are frail (-10% HP). [potion of cure mutation]
 44411 | Lair:3   | Lost mutation: You possess an exceptional clarity of mind. [potion of cure mutation]
 44411 | Lair:3   | Lost mutation: Your body is slowly deteriorating. [potion of cure mutation]
 44411 | Lair:3   | Lost mutation: You have a pair of small antennae on your head. [potion of cure mutation]
 44630 | D:11     | Found a sparkling altar of Nemelex Xobeh.
 45064 | D:11     | Noticed Grum
 45067 | D:11     | Killed Grum
 45365 | Elf:1    | Entered Level 1 of the Elven Halls
 45412 | Elf:1    | Found Cronof's Distillery.
 45420 | Elf:1    | Bought a potion of ambrosia for 96 gold pieces
 45487 | Elf:1    | Noticed Louise
 45496 | Elf:1    | Killed Louise
 46551 | Elf:1    | Reached skill level 16 in Spellcasting
 46769 | Elf:2    | Received a gift from Sif Muna
 46782 | Elf:2    | Identified Skar Ave's Handbook of Attacks (Sif Muna gifted it to you on level 2 of the Elven Halls)
 47040 | Elf:2    | Found a runed door.
 47078 | Elf:2    | Found a runed door.
 47591 | Elf:2    | Reached XP level 19. HP: 84/84 MP: 18/41
 48166 | D:12     | Learned a level 6 spell: Bolt of Fire
 48797 | D:13     | Received a gift from Sif Muna
 48799 | D:13     | Identified Lehudib's Guide on Confrontation (Sif Muna gifted it to you on level 13 of the Dungeon)
 48813 | D:13     | Learned a level 4 spell: Sticky Flame
 49019 | D:13     | Noticed Harold
 49047 | D:13     | Killed Harold
 49088 | D:13     | Found Ciesoihu's Serpentskin Sales.
 49760 | D:13     | Found an opulent altar of Gozag.
 49877 | D:14     | Found a gate to the Vaults.
 50464 | Vaults:1 | Entered Level 1 of the Vaults
 51475 | Vaults:1 | Reached skill level 10 in Charms
 51834 | Vaults:1 | Reached skill level 17 in Spellcasting
 51939 | Vaults:1 | Reached skill level 10 in Fire Magic
 52171 | Vaults:1 | Found a portal to a secret trove of treasure.
 53063 | Vaults:1 | Received a gift from Sif Muna
 53155 | Vaults:1 | You paid a toll of a wand of heal wounds (9) to enter a treasure trove
 53156 | Trove    | Entered a treasure trove
 53162 | Trove    | Got a faintly humming animal skin
 53164 | Trove    | Got a steaming hunting sling
 53191 | Trove    | Identified the +1 animal skin of Biteuqig {rC- rCorr Str+4} (You found it in a treasure trove)
 53373 | Vaults:1 | Reached skill level 10 in Air Magic
 53497 | Vaults:2 | Reached XP level 20. HP: 71/90 MP: 37/42
 54148 | Vaults:2 | Reached skill level 5 in Short Blades
 54742 | Vaults:2 | Reached skill level 1 in Evocations
 54805 | Vaults:2 | Found a staircase to the Crypt.
 55626 | Vaults:3 | Noticed Margery
 55629 | Vaults:3 | Received a gift from Sif Muna
 55630 | Vaults:3 | Identified Sif Muna's Catalogue of Attacks (Sif Muna gifted it to you on level 3 of the Vaults)
 55656 | Vaults:3 | HP: 3/90 [Margery/fireball (39)]
 55657 | Vaults:3 | Killed from afar by Margery

Action                   |  1- 3 |  4- 6 |  7- 9 | 10-12 | 13-15 | 16-18 | 19-21 || total
-------------------------+-------+-------+-------+-------+-------+-------+-------++-------
Melee: Dagger            |    22 |    22 |    34 |       |       |       |       ||    78
       Short sword       |       |       |       |   335 |   843 |   943 |   921 ||  3042
 Fire: Blowgun           |       |    10 |     2 |     2 |       |       |       ||    14
       Longbow           |       |     6 |    93 |   153 |       |       |       ||   252
 Cast: Magic Dart        |    69 |   120 |   155 |   288 |   470 |   329 |    78 ||  1509
       Dazzling Spray    |       |     7 |    65 |   172 |   190 |    47 |       ||   481
       Iskenderun's Batt |       |       |    13 |    87 |   174 |   172 |    51 ||   497
       Repel Missiles    |       |       |       |     1 |     2 |     3 |     3 ||     9
       Mephitic Cloud    |       |       |       |    34 |    74 |    34 |    63 ||   205
       Swiftness         |       |       |       |     1 |     4 |     2 |       ||     7
       Iskenderun's Myst |       |       |       |       |   136 |   485 |   183 ||   804
       Conjure Flame     |       |       |       |       |     1 |     1 |       ||     2
       Ozocubu's Armour  |       |       |       |       |     9 |    34 |     6 ||    49
       Flight            |       |       |       |       |       |    51 |       ||    51
       Shroud of Golubri |       |       |       |       |       |     5 |     1 ||     6
       Control Teleport  |       |       |       |       |       |     1 |     1 ||     2
       Sticky Flame      |       |       |       |       |       |       |    88 ||    88
       Bolt of Fire      |       |       |       |       |       |       |     8 ||     8
       Fireball          |       |       |       |       |       |       |    14 ||    14
Invok: Channel Energy    |       |       |    25 |   220 |   550 |   714 |   225 ||  1734
       Forget Spell      |       |       |       |       |       |       |     2 ||     2
Evoke: Wand              |       |       |       |     2 |     4 |     5 |     3 ||    14
       Phial of floods   |       |       |       |     1 |       |       |       ||     1
       Lamp of fire      |       |       |       |       |       |       |     1 ||     1
  Use: Scroll            |     1 |     2 |     9 |    20 |    13 |    13 |     5 ||    63
       Potion            |       |       |       |     9 |     4 |     2 |       ||    15
 Stab: Sleeping          |       |     3 |     2 |     6 |    12 |    17 |    12 ||    52
       Invisible         |       |     2 |     1 |    14 |    15 |     1 |       ||    33
       Confused          |       |       |       |     7 |    21 |    29 |    44 ||   101
       Distracted        |       |       |       |     1 |     1 |     3 |     1 ||     6
       Fleeing           |       |       |       |       |     2 |       |       ||     2
       Petrified         |       |       |       |       |     2 |       |       ||     2
  Eat: Chunk             |     3 |     8 |    23 |    85 |   150 |   171 |    66 ||   506
       Beef jerky        |       |       |     2 |       |       |       |       ||     2
       Meat ration       |       |       |       |     1 |       |       |       ||     1
       Pizza             |       |       |       |     1 |       |       |       ||     1
       Fruit             |       |       |       |       |     2 |     3 |     2 ||     7
       Bread ration      |       |       |       |       |       |     1 |       ||     1
